 Dungeon Crawl Stone Soup version 0.16.0 (webtiles) character file.

795 Minkie the Cudgeler (level 7, -6/35 HPs)
             Began as a Vine Stalker Fighter on Mar 21, 2015.
             Was an Initiate of Okawaru.
             Mangled by an orc warrior
             ... wielding a +0 long sword
              (19 damage)
             ... on level 6 of the Dungeon.
             The game lasted 00:12:02 (2992 turns).

Minkie the Cudgeler (Vine Stalker Fighter)          Turns: 2992, Time: 00:12:02

Health: -6/35      AC:  9    Str: 19    XL:     7   Next: 89%
Magic:  0/11       EV:  8    Int: 10    God:    Okawaru [......]
Gold:   224        SH:  9    Dex: 13    Spells: 0 memorised, 6 levels left

rFire  + . .     SeeInvis .     y - +4 flail
rCold  . . .     Clarity  +     D - +3 leather armour "Irchext" {+Inv rF+}
rNeg   . . .     SustAb   .     c - +0 shield
rPois  .         Gourm    .     u - +0 hat
rElec  .         Spirit   +     H - +0 cloak
rCorr  .         Warding  .     j - +0 pair of gloves
rMut   .         Stasis   .     (no boots)
MR     .....                    z - amulet of clarity
Stlth  +.........               (no ring)
                                (no ring)

@: not resistant to hostile enchantments, very unstealthy
A: fangs 2, regeneration 2, magic shield, antimagic bite, no device heal 3, rot
immunity
a: Renounce Religion, Evoke Invisibility


You were on level 6 of the Dungeon.
You worshipped Okawaru.
Okawaru was noncommittal.
You were not hungry.

You visited 2 branches of the dungeon, and saw 7 of its levels.

You collected 224 gold pieces.

Inventory:

Hand weapons
 y - a +4 flail (weapon)
Missiles
 E - 6 tomahawks (quivered)
Armour
 c - a +0 shield (worn)
 j - a +0 pair of gloves (worn)
 u - a +0 hat (worn)
 D - the +3 leather armour "Irchext" (worn) {+Inv rF+}
   (You found it on level 4 of the Dungeon)

   It protects you from fire.
   It lets you turn invisible.
 H - a +0 cloak (worn)
Jewellery
 t - an uncursed ring of ice
 z - an amulet of clarity (around neck)
Scrolls
 f - 4 scrolls of remove curse {unknown}
 h - 4 scrolls of magic mapping {unknown}
 i - 2 scrolls of identify {unknown}
 k - 2 scrolls of noise {unknown}
 l - 2 scrolls of teleportation {unknown}
 m - a scroll of enchant weapon {unknown}
 q - 3 scrolls of immolation {unknown}
 w - a scroll of amnesia {unknown}
 B - a scroll of brand weapon {unknown}
 C - 2 scrolls of fear {unknown}
Potions
 b - a potion of poison {unknown}
 e - a potion of might
 g - 7 potions of curing {unknown}
 n - a potion of restore abilities {unknown}
 o - a potion of ambrosia {unknown}
 r - a potion of degeneration {unknown}
 s - a potion of beneficial mutation {unknown}
 v - a potion of agility {unknown}
 A - a potion of flight {unknown}
 F - a potion of magic {unknown}
Comestibles
 a - a royal jelly
 d - 3 bread rations
 p - 2 beef jerkies
 x - a slice of pizza


   Skills:
 - Level 2.6 Fighting
 + Level 6.2 Maces & Flails
 + Level 4.7 Armour
 - Level 2.6 Shields
 + Level 1.8 Evocations


You had 6 spell levels left.
You didn't know any spells.

Dungeon Overview and Level Annotations

Branches:
Dungeon (6/15)             Temple (1/1) D:4

Altars:
Dithmenos
Fedhas
Kikubaaqudgha
Okawaru
Qazlal
Sif Muna
Vehumet
Xom
Yredelemnul

Annotations:
D:4 Ark's ghost, average GrBe


Innate Abilities, Weirdness & Mutations

You have extremely sharp teeth.
You heal very quickly.
When hurt, damage is shared between your health and your magic reserves.
Your bite disrupts and absorbs the magic of your enemies.
Potions and wands cannot restore your health.
You are immune to rotting.


Message History

You kill the orc!
Okawaru accepts your kill. The rat closely misses you.
You hit the rat!
You kill the rat!
Okawaru accepts your kill.
An ooze comes into view.
Things that are here:
a mace; a leather armour An orc comes into view.
It is wielding a hand axe.
The orc shouts!
The ooze quivers.
There is a stone staircase leading up here.
You barely miss the orc warrior.
You bite the orc warrior, but do no damage.
The orc warrior hits you with a long sword.
You closely miss the orc warrior.
The orc warrior hits you with a long sword!!
Ouch! That really hurt!
You die...

#..##.. ###.....
###...... ..>....
# #....# .## #
#..).# ..$.
$...##...†#....#.
#.......)†.......
#.......@o.......
...#.#...........
. # #.#....o...
.......J....
.......##..#.
...#..... ..# ..
..... . #......
.).


You could see an orc warrior, an ooze and an orc.

Vanquished Creatures
  2 ogres
  3 scorpions
  2 crimson imps (D:5)
  A centaur zombie (D:5)
  2 jellies (D:5)
  An iguana (D:5)
  3 worker ants
  An orc wizard (D:5)
  Jessica (D:2)
  A worker ant zombie (D:5)
  3 adders (D:2)
  2 worms (D:3)
  5 giant geckos
  8 orcs
  A bat skeleton (D:4)
  10 giant cockroaches
  6 goblins
  13 hobgoblins
  8 jackals
  11 bats
  6 giant newts
  11 kobolds
  3 quokkas
  6 rats
  A bush (D:2)
111 creatures vanquished.

Vanquished Creatures (others)
  5 toadstools (D:1)
5 creatures vanquished.

Grand Total: 116 creatures vanquished

Notes
Turn   | Place    | Note
--------------------------------------------------------------
     0 | D:1      | Minkie, the Vine Stalker Fighter, began the quest for the Orb.
     0 | D:1      | Reached XP level 1. HP: 11/11 MP: 1/1
   113 | D:1      | Reached XP level 2. HP: 16/16 MP: 3/3
   457 | D:2      | Reached skill level 3 in Maces & Flails
   479 | D:2      | Reached XP level 3. HP: 19/19 MP: 4/4
   526 | D:2      | Noticed Jessica
   536 | D:2      | Killed Jessica
   611 | D:2      | Reached XP level 4. HP: 23/23 MP: 5/5
   833 | D:2      | Reached skill level 4 in Maces & Flails
  1223 | D:3      | Reached XP level 5. HP: 27/27 MP: 7/7
  1413 | D:3      | Gained mutation: You heal very quickly. [vine stalker growth]
  1413 | D:3      | Reached XP level 6. HP: 32/32 MP: 8/8
  1752 | D:4      | Reached skill level 5 in Maces & Flails
  1838 | D:4      | You fall through a shaft!
  1838 | D:5      | Entered Level 5 of the Dungeon
  1944 | D:4      | Noticed Ark's ghost (average GrBe)
  2163 | D:5      | Reached XP level 7. HP: 33/35 MP: 9/9
  2188 | D:5      | Found a blossoming altar of Fedhas.
  2525 | D:4      | Got a crude leather armour
  2555 | D:3      | Identified the +3 leather armour "Irchext" {+Inv rF+} (You found it on level 4 of the Dungeon)
  2626 | D:4      | Found a staircase to the Ecumenical Temple.
  2635 | Temple   | Entered the Ecumenical Temple
  2646 | Temple   | Became a worshipper of Warmaster Okawaru
  2674 | D:5      | Reached skill level 6 in Maces & Flails
  2933 | D:5      | Reached skill level 1 in Evocations
  2992 | D:6      | Mangled by an orc warrior

Action                   |  1- 3 |  4- 6 |  7- 9 || total
-------------------------+-------+-------+-------++-------
Melee: Flail             |    65 |   164 |    54 ||   283
  Eat: Chunk             |       |     4 |     3 ||     7
